 Dungeon Crawl Stone Soup version 0.28.0 (webtiles) character file.

Game seed: 15905384685371385512

49 Sanktem7 the Chiller (level 3, -1/25 HPs)
             Began as a Gnoll Ice Elementalist on Feb 8, 2022.
             Slain by a hobgoblin (3 damage)
             ... led by Robin
             ... on level 2 of the Dungeon.
             The game lasted 00:02:01 (1215 turns).

Sanktem7 the Chiller (Gnoll Ice Elementalist)       Turns: 1215, Time: 00:02:02

Health: -1/25      AC:  2    Str:  7    XL:     3   Next: 75%
Magic:  2/9        EV: 13    Int: 16    God:
Gold:   61         SH:  0    Dex: 12    Spells: 11/12 levels left

rFire   . . .      SeeInvis .   (no weapon)
rCold   . . .      Faith    .   (no shield)
rNeg    . . .      Spirit   .   a - +0 robe
rPois   .          Reflect  .   (no helmet)
rElec   .          Harm     .   (no cloak)
rCorr   .          Rampage  .   (no gloves)
Will    .....                   (no boots)
Stlth   ++........              (no amulet)
HPRegen 0.08/turn               (no ring)
MPRegen 0.11/turn               (no ring)

@: no status effects
A: fangs 1, strong nose, distributed training
a: no special abilities


You were on level 2 of the Dungeon.
You visited 1 branch of the dungeon, and saw 2 of its levels.

You collected 61 gold pieces.

Inventory:

Armour
 a - a +0 robe (worn)
Scrolls
 b - a scroll of magic mapping {unknown}
Potions
 c - 2 potions of magic {unknown}
 d - a potion of might {unknown}
 e - a potion of flight {unknown}


   Skills:
 + Level 0.9 Fighting
 + Level 0.9 Short Blades
 + Level 0.9 Long Blades
 + Level 0.9 Axes
 + Level 0.9 Maces & Flails
 + Level 0.9 Polearms
 + Level 0.9 Staves
 + Level 0.9 Slings
 + Level 0.9 Bows
 + Level 0.9 Crossbows
 + Level 0.9 Throwing
 + Level 0.9 Armour
 + Level 4.5 Dodging
 + Level 4.2 Stealth
 + Level 0.9 Shields
 + Level 0.9 Unarmed Combat
 + Level 5.0 Spellcasting
 + Level 0.6 Conjurations
 + Level 0.6 Hexes
 + Level 0.6 Summonings
 + Level 0.6 Necromancy
 + Level 0.6 Translocations
 + Level 0.6 Transmutations
 + Level 0.6 Fire Magic
 + Level 7.1 Ice Magic
 + Level 0.6 Air Magic
 + Level 0.6 Earth Magic
 + Level 0.6 Poison Magic
 + Level 1.0 Invocations
 + Level 0.9 Evocations


You had 11 spell levels left.
You knew the following spells:

 Your Spells              Type           Power      Damage    Failure   Level
a - Freeze                Ice            100%       1d11      1%          1

Your spell library contained the following spells:

 Spells                   Type           Power      Damage    Failure   Level
 Frozen Ramparts          Ice            52%        1d7       2%          3
 Ozocubu's Armour         Ice            26%        N/A       2%          3
 Hailstorm                Conj/Ice       16%        3d6       30%         4


Dungeon Overview and Level Annotations

Branches:
Dungeon (2/15)

Altars:


Innate Abilities, Weirdness & Mutations

You have very sharp teeth.
Your uncanny sense of smell can sniff out nearby items.
Your experience applies equally to all skills.


Message History

Robin is severely wounded.
Robin hits you with a +0 spear.
* * * LOW HITPOINT WARNING * * *
Casting: Freeze (safe; 1% risk of failure)
Confirm with . or Enter, or press ? or * to list all spells.
Aiming: Freeze (safe; 1% risk of failure)
Press: ? - help, Shift-Dir - straight line, f/p - Robin
Aim: Robin, wielding a +0 spear, wearing a +0 animal skin and wearing a +0 helmet (severely wounded)
You freeze Robin.
Robin is almost dead.
Robin misses you.
Casting: Freeze (safe; 1% risk of failure)
Confirm with . or Enter, or press ? or * to list all spells.
Aiming: Freeze (safe; 1% risk of failure)
Press: ? - help, Shift-Dir - straight line, f/p - Robin
Aim: Robin, wielding a +0 spear, wearing a +0 animal skin and wearing a +0 helmet (almost dead)
You freeze Robin!
You kill Robin!
Your Invocations skill increases to level 1!
Casting: Freeze (safe; 1% risk of failure)
Confirm with . or Enter, or press ? or * to list all spells.
Aiming: Freeze (safe; 1% risk of failure)
Press: ? - help, Shift-Dir - straight line, f - hobgoblin
Aim: a hobgoblin (strong)
You freeze the hobgoblin!
You kill the hobgoblin!
Unknown command.
Casting: Freeze (safe; 1% risk of failure)
Confirm with . or Enter, or press ? or * to list all spells.
Aiming: Freeze (safe; 1% risk of failure)
Press: ? - help, Shift-Dir - straight line, f - goblin
Aim: a goblin, wielding a +0 dagger (strong)
You freeze the goblin.
You kill the goblin!
Unknown command.
The hobgoblin no longer looks unusually strong.
You see here a rat corpse.
You see here a +0 dagger.
The hobgoblin hits you.
You die...

### #.#.########
..#........#
#.#.######.#
#.#.######.#
#.#.#......#
#.#.#.###..# # #)#.#.#
#..#.#
#######g#@#.###..#.####
.......†g..............
.#....).#.#.##...#.....
#......#.#.##...######
........#.#.##........
##.###..#.#.<#..###...
#. #..#............. #
...............#.
##############<#


You could see a hobgoblin.

Vanquished Creatures
  Robin (D:2)
  A gnoll (D:1)
  A dart slug (D:1)
  2 bats (D:1)
  2 endoplasms (D:1)
  4 hobgoblins
  2 kobolds (D:1)
  A quokka (D:1)
  A ball python (D:1)
  A frilled lizard (D:1)
  6 goblins
  4 rats
26 creatures vanquished.

Notes
Turn   | Place    | Note
-------+----------+-------------------------------------------
     0 | D:1      | Sanktem7 the Gnoll Ice Elementalist began the quest for the
                  | Orb.
     0 | D:1      | Reached XP level 1. HP: 13/13 MP: 6/6
   400 | D:1      | Reached XP level 2. HP: 19/19 MP: 5/7
   595 | D:1      | Reached XP level 3. HP: 15/25 MP: 6/9
   841 | D:1      | Found a faded altar of an unknown god.
   843 | D:1      | Reached skill level 5 in Spellcasting
  1196 | D:2      | Noticed Robin
  1207 | D:2      | HP: 1/25 [Robin (4)]
  1209 | D:2      | Killed Robin
  1210 | D:2      | Reached skill level 1 in Invocations
  1215 | D:2      | Slain by a hobgoblin

Illustrated notes

Levels and vault maps discovered:
D:1:      scummos_arrival_star, layout_loops_cross,
          shapermc_ecumenical_altar_notcrosses, dk_noncrumbling_2,
          minmay_split_cup_small
D:2:      layout_basic, serial_shops, nicolae_shop_behind_doors, basic_altar,
          uniq_jessica, uniq_sigmund, uniq_robin

Skill      XL: |  1  2  3 |
---------------+----------+-----
Spellcasting   | 5 |  5.0
Invocations    | 1 |  1.0
Fighting       | |  0.9
Short Blades   | |  0.9
Long Blades    | |  0.9
Axes           | |  0.9
Maces & Flails | |  0.9
Polearms       | |  0.9
Staves         | |  0.9
Slings         | |  0.9
Bows           | |  0.9
Crossbows      | |  0.9
Throwing       | |  0.9
Armour         | |  0.9
Dodging        | |  4.5
Stealth        | |  4.2
Shields        | |  0.9
Unarmed Combat | |  0.9
Conjurations   | |  0.6
Hexes          | |  0.6
Summonings     | |  0.6
Necromancy     | |  0.6
Translocations | |  0.6
Transmutations | |  0.6
Fire Magic     | |  0.6
Ice Magic      | |  7.1
Air Magic      | |  0.6
Earth Magic    | |  0.6
Poison Magic   | |  0.6
Evocations     | |  0.9

Action                   || total
-------------------------++-------
Melee: Unarmed           ||     2
 Cast: Freeze            ||    36
Armor: Robe              ||     2
Dodge: Dodged            ||    13
